 Dungeon Crawl Stone Soup version 0.29-a0-529-gfa20dd96a1 (webtiles) character file.

Game seed: 2052518854568416740

349 xian the Conjurer (level 6, 0/46 HPs)
             Began as a Draconian Conjurer on June 1, 2022.
             Slain by an orc
             ... wielding a +0 flail
              (5 damage)
             ... on level 4 of the Dungeon.
             The game lasted 00:05:50 (3890 turns).

xian the Conjurer (Draconian Conjurer)              Turns: 3890, Time: 00:05:50

Health: 0/46       AC:  3    Str:  9    XL:     6   Next: 33%
Magic:  4/11       EV: 12    Int: 21    God:
Gold:   208        SH:  0    Dex:  9    Spells: 9/12 levels left

rFire   . . .      SeeInvis .   m - +0 short sword
rCold   . . .      Faith    .   (no shield)
rNeg    . . .      Spirit   .   (body armour unavailable)
rPois   .          Reflect  .   (helmet restricted)
rElec   .          Harm     .   (no cloak)
rCorr   .          Rampage  .   (no gloves)
Will    .....                   k - +0 pair of boots
Stlth   ++........              (no amulet)
HPRegen 0.15/turn               d - ring of wizardry
MPRegen 0.12/turn               (no ring)

@: corroded
A: AC +6, unfitting armour, cold-blooded
a: no special abilities


You were on level 4 of the Dungeon.
You visited 1 branch of the dungeon, and saw 4 of its levels.

You collected 208 gold pieces.

Inventory:

Hand Weapons
 m - a +0 short sword (weapon)
Armour
 k - a +0 pair of boots (worn)
Jewellery
 d - a ring of wizardry (left hand)
Scrolls
 e - 2 scrolls of noise
 g - a scroll of teleportation {unknown}
 i - a scroll of amnesia {unknown}
 o - a scroll of enchant weapon {unknown}
 p - a scroll of enchant armour {unknown}
Potions
 a - a potion of magic
 b - a potion of heal wounds {unknown}
 c - a potion of degeneration {unknown}
 f - 2 potions of attraction {unknown}
 l - a potion of curing {unknown}
 n - a potion of brilliance {unknown}


   Skills:
 + Level 0.4 Fighting
 + Level 0.4 Short Blades
 + Level 1.2 Maces & Flails
 + Level 2.3 Dodging
 + Level 2.6 Stealth
 + Level 0.2 Unarmed Combat
 + Level 3.8 Spellcasting
 + Level 5.8 Conjurations


You had 9 spell levels left.
You knew the following spells:

 Your Spells              Type           Power      Damage    Failure   Level
a - Magic Dart            Conj           100%       1d8       1%          1
b - Searing Ray           Conj           56%        2d6       1%          2

Your spell library contained the following spells:

 Spells                   Type           Power      Damage    Failure   Level
 Dazzling Flash           Conj/Hex       32%        N/A       4%          3
 Fulminant Prism          Conj/Hex       8%         3d7       16%         4
 Iskenderun's Mystic Bla  Conj/Tloc      16%        2d5       16%         4


Dungeon Overview and Level Annotations

Branches:
Dungeon (4/15)             Temple (0/1) D:4

Altars:
Vehumet
Zin


Innate Abilities, Weirdness & Mutations

Your plain brown scales are hard. (AC +6)
You cannot fit into any form of body armour.
You are cold-blooded and may be slowed by cold attacks.


Message History

You closely miss the phantom.
The phantom is almost destroyed.
The hound closely misses you. The orc hits you with a +0 flail.
A goblin comes into view. It is wielding a +0 club.
The phantom hits you but does no damage.
The hound bites you but does no damage.
You closely miss the phantom.
Your tail-slap misses the phantom.
The phantom is almost destroyed.
The hound bites you but does no damage. The jelly misses you.
The phantom hits you but does no damage.
The orc hits you with a +0 flail. The kobold barely misses you.
You closely miss the phantom.
The phantom is almost destroyed.
The hound bites you. The jelly hits you. The acid corrodes you!
You are splashed with acid!
The orc hits you but does no damage. The phantom barely misses you.
The kobold hits you with a +0 short sword.
The hound bites you.
* * * LOW HITPOINT WARNING * * *
Okay, then.
As you read the scroll labelled ESINEPN RI ZAR, it crumbles to dust.
You hear a loud clanging noise!
It was a scroll of noise.
You hear a shout! x3; You hear an angry hiss.
You hear a shout! x2
The hound misses you. The orc closely misses you. The jelly barely misses you.
The phantom hits you.
* * * LOW HITPOINT WARNING * * *
The kobold closely misses you.
As you read the scroll labelled TOFESM YZODD, it crumbles to dust.
You feel aware of your surroundings.
It was a scroll of magic mapping.
The hound bites you.
* * * LOW HITPOINT WARNING * * *
The jelly barely misses you. The orc barely misses you.
The phantom barely misses you. The kobold misses you.
The hound bites you but does no damage.
This is a scroll of acquirement!
Something appears at your feet! The hound closely misses you.
The goblin barely misses you. The jelly barely misses you.
The orc hits you with a +0 flail.
You die...

*,,,* #*#.#,#.#,*,*,*,*,*, *,,,*
#.......,..,,,,,,,,, *,,,*
#.#.#.#.#.#,*,*,*,*,
********,,,**#....(.....,,,,,,,,,
,,,,,,,,,,,,,,,#<#,#.#,*,*,*,*,*,
********,,,***#.........,,,,,,,,,
*,,,* ##)#.#.#.#,*,*,*,*,
********,,,***#KoJ......,,,,,,,,,
,,,,,,,,,,,,,,,#@#,#.#,*,*,*,*,*,
**,,,,,,,.....ghWg......,,,,,,,,,
*,,,,,,,...............,,,,,,,**
*,,,,,,,...............,,,,,,,*
*,,,,***...............,,,,,,,*
*,,,,* *...............,,,,,,,*
*,,,,* *...............,,,,,,,*
*,,,,* *...............,,,,,,,*
*,,,,* *,,,,,,,,,,,,,,,,,,,,,,*


You could see a phantom, a hound, a jelly, an orc, 2 goblins and a kobold.

Vanquished Creatures
  Grinder (D:3)
  A jelly (D:4)
  An orc wizard (D:4)
  3 adders
  2 worms
  A dart slug (D:2)
  An orc (D:4)
  2 ball pythons (D:1)
  2 endoplasms
  3 giant cockroaches (D:2)
  3 goblins
  6 hobgoblins
  6 jackals (D:3)
  5 kobolds
  4 quokkas
  7 bats
  A frilled lizard (D:3)
  5 rats
54 creatures vanquished.

Notes
Turn   | Place    | Note
-------+----------+-------------------------------------------
     0 | D:1      | xian the Draconian Conjurer began the quest for the Orb.
     0 | D:1      | Reached XP level 1. HP: 14/14 MP: 3/3
   358 | D:1      | Reached XP level 2. HP: 20/20 MP: 1/5
  1652 | D:2      | Reached XP level 3. HP: 26/26 MP: 0/6
  1749 | D:2      | Learned a level 2 spell: Searing Ray
  2033 | D:2      | Found a faded altar of an unknown god.
  2669 | D:3      | Reached skill level 5 in Conjurations
  2759 | D:3      | Reached XP level 4. HP: 31/33 MP: 1/7
  3146 | D:3      | Noticed Grinder
  3148 | D:3      | Paralysed by Grinder for 4 turns
  3160 | D:3      | Paralysed by Grinder for 3 turns
  3166 | D:3      | HP: 1/33 [Grinder (4)]
  3167 | D:3      | Killed Grinder
  3168 | D:3      | Reached skill level 1 in Maces & Flails
  3168 | D:3      | Reached XP level 5. HP: 2/39 MP: 0/10
  3168 | D:3      | Reached XP level 6. HP: 2/46 MP: 0/11
  3751 | D:3      | Found a glowing silver altar of Zin.
  3790 | D:3      | Found a radiant altar of Vehumet.
  3890 | D:4      | Identified a scroll of acquirement
  3890 | D:4      | Acquired the +0 pair of gloves of the Skies Above {Will+
                  | Int+2}
  3890 | D:4      | Slain by an orc

Illustrated notes

Levels and vault maps discovered:
D:1:      psy_arrival_conway, layout_loops_ring
D:2:      layout_basic, dreamdust_ecumenical_altar_statues,
          minmay_worlds_worst_comb
D:3:      layout_basic, mainiacjoe_overflow_swirl, uniq_grinder
D:4:      layout_basic, minmay_temple_entry_arrows, st_stairs_11

Skill      XL: |  1  2  3  4 |
---------------+-------------+-----
Stealth        | 2 |  2.6
Conjurations   | 5 |  5.8
Maces & Flails | 1 |  1.2
Dodging        | 2 |  2.3
Spellcasting   | 3 |  3.8
Fighting       | |  0.4
Short Blades   | |  0.4
Unarmed Combat | |  0.2

Action                   |  1- 3 |  4- 6 || total
-------------------------+-------+-------++-------
Melee: Unarmed           |    24 |       ||    24
       Tailslap          |     6 |     3 ||     9
       Whip              |    13 |     8 ||    21
       Short sword       |       |    12 ||    12
 Cast: Magic Dart        |    89 |    25 ||   114
       Searing Ray       |       |     4 ||     4
  Use: Scroll            |       |     3 ||     3
Armor: Skin              |     7 |    12 ||    19
Dodge: Dodged            |    43 |    31 ||    74

Table legend: (Time is in decaauts)
 A = Elapsed time spent in this place.
 B = Non-inter-level travel time spent in this place.
 C = Inter-level travel time spent in this place.
 D = Time resting spent in this place.
 E = Time spent auto-exploring this place.
 F = Levels seen in this place.
 G = Mean time per level.
                   A        B        C        D        E       F      G
               +--------+--------+--------+--------+--------+-----+--------+
         Total |   3895 |   3800 |     95 |    320 |   3127 |   4 |  973.8 |
       Dungeon |   3895 |   3800 |     95 |    320 |   3127 |   4 |  973.8 |
               +--------+--------+--------+--------+--------+-----+--------+

Top non-repeatable levels by time:
     D:1: 1365 daAuts
     D:3: 1326 daAuts
     D:2: 1186 daAuts
     D:4: 16 daAuts
